 Dungeon Crawl Stone Soup version 0.30-a0-365-ge7f957f1db (webtiles) character file.

Game seed: 15484796785214077168

25 Ge0ff the Sneak (level 2, -3/16 HPs)
             Began as a Spriggan Delver on Nov 16, 2022.
             Killed from afar by a steam dragon (19 damage)
             ... with a ball of steam
             ... on level 7 of the Dungeon.
             The game lasted 00:00:28 (67 turns).

Ge0ff the Sneak (Spriggan Delver)                     Turns: 67, Time: 00:00:28

Health: -3/16      AC:  2    Str:  8    XL:     2   Next: 86%
Magic:  3/3        EV: 17    Int: 11    God:
Gold:   112        SH:  0    Dex: 16    Spells: 1/1 levels left

rFire   . . .      SeeInvis +    a - +0 short sword
rCold   . . .      Faith    .    (no shield)
rNeg    . . .      Spirit   .    b - +0 robe
rPois   .          Reflect  .    (helmet restricted)
rElec   .          Harm     .    (no cloak)
rCorr   .          Rampage  .    (gloves unavailable)
Will    .....                    (boots unavailable)
Stlth   ++++......               (no amulet)
HPRegen 0.22/turn                (no ring)
MPRegen 0.08/turn                (no ring)

@: very quick
A: very small, no large weapons, unfitting armour, see invisible, speed 3
a: no special abilities


You were on level 7 of the Dungeon.
You visited 1 branch of the dungeon, and saw 3 of its levels.

You collected 112 gold pieces.

Inventory:

Hand Weapons
 a - a +0 short sword (weapon)
Armour
 b - a +0 robe (worn)
Wands
 d - a wand of digging (3)
Scrolls
 m - a scroll of magic mapping
 E - 2 scrolls of fear
 F - a scroll of fog
 J - a scroll of identify {unknown}
Potions
 H - a potion of haste {!q}
 I - a potion of lignification {unknown}


   Skills:
 - Level 2.4 Fighting
 + Level 3.8 Short Blades
 - Level 2.6 Dodging
 - Level 7.2 Stealth


You had one spell level left.
You didn't know any spells.
Your spell library was empty.

Dungeon Overview and Level Annotations

Branches:
Dungeon (7/15) Zot: 17949
 Temple: D:4-7

Altars:


Innate Abilities, Weirdness & Mutations

You are very small and have problems with some larger weapons.
You are too small for most types of armour.
You have supernaturally acute eyesight. (SInv)
You cover ground extremely quickly. (Speed+++)


Message History

I - a fizzy emerald potion
J - a scroll labelled MOYSOKH MOELUC You hit the fungus but do no damage.
You hit the fungus.
The fungus begins to die.
The fungus is lightly damaged.
You hit the fungus.
The fungus is lightly damaged.
You hit the fungus.
The fungus begins to die.
The fungus is lightly damaged.
You hit the fungus.
The fungus is lightly damaged.
A nearby fungus withers and dies.
You hit the fungus. You punch the fungus.
The fungus is lightly damaged.
You hit the fungus.
The fungus is lightly damaged.
A nearby fungus withers and dies.
You now have 3 gold pieces.
You now have 14 gold pieces (gained 11).
You now have 23 gold pieces (gained 9).
You now have 39 gold pieces (gained 16).
You now have 51 gold pieces (gained 12).
You now have 68 gold pieces (gained 17).
You now have 86 gold pieces (gained 18).
You now have 95 gold pieces (gained 9).
You now have 112 gold pieces (gained 17).
You hit the toadstool.
The toadstool is moderately damaged.
You hit the toadstool.
You destroy the toadstool!
E - 2 scrolls of fear (gained 1)
You open the door.
There is an open door here.
Found a stone staircase leading down.
There is a stone staircase leading down here.
You climb downwards.
Found an escape hatch in the floor.
Found a stone staircase leading down.
There is a stone staircase leading up here.
The helpless iguana fails to defend itself.
You impale the iguana!!
You kill the iguana!
Your Short Blades skill increases to level 3!
You have reached level 2!
The helpless steam dragon fails to defend itself.
You impale the steam dragon!!
The steam dragon is severely wounded.
The steam dragon breathes steam at you. The ball of steam hits you!!
Ouch! That really hurt!
You die...

#############
##.....#.....##
##..>..........##
#......<..?.....#
#...............#
#...............#
.........)......#
#....$..........#
#........$..@..##
..#.....=....D>.#
.#####..........#
............#
.#...........#
.$..#########
..##


You could see a steam dragon (catching breath).

Vanquished Creatures
  An iguana (D:7)
  A toadstool (D:6)
2 creatures vanquished.

Vanquished Creatures (others)
  2 fungi (D:6)
2 creatures vanquished.

Grand Total: 4 creatures vanquished

Notes
Turn   | Place    | Note
-------+----------+-------------------------------------------
     0 | D:5      | Ge0ff the Spriggan Delver began the quest for the Orb.
     0 | D:5      | Reached XP level 1. HP: 11/11 MP: 2/2
    60 | D:7      | Noticed an iguana
    60 | D:7      | Noticed a steam dragon
    61 | D:7      | Killed an iguana
    62 | D:7      | Reached XP level 2. HP: 16/16 MP: 3/3
    67 | D:7      | Killed from afar by a steam dragon

Illustrated notes

Levels and vault maps discovered:
D:5:      layout_loops_ring, serial_shops,
          nicolae_shop_temple_entry_statues_fountains, nicolae_shop_unique_rings
D:6:      layout_basic, nicolae_tso_carved_into_rock, minmay_gold_behind_fungi,
          uniq_pikel
D:7:      layout_rooms, minmay_temple_entry_statues_pillars,
          grunt_decor_one_mirror, nicolae_zen_rock_garden, kennysheep_crisscross

Skill      XL: |  1 |
---------------+----+-----
Short Blades   | 3 |  3.8
Fighting       | |  2.4
Dodging        | |  2.6
Stealth        | |  7.2

Action                   || total
-------------------------++-------
Melee: Short sword       ||    11
       Punch             ||     1
 Stab: Sleeping          ||     2

Table legend: (Time is in decaauts)
 A = Elapsed time spent in this place.
 B = Non-inter-level travel time spent in this place.
 C = Inter-level travel time spent in this place.
 D = Time resting spent in this place.
 E = Time spent auto-exploring this place.
 F = Levels seen in this place.
 G = Mean time per level.
                   A        B        C        D        E       F      G
               +--------+--------+--------+--------+--------+-----+--------+
         Total |     49 |     49 |      0 |      0 |      0 |   3 |   16.3 |
       Dungeon |     49 |     49 |      0 |      0 |      0 |   3 |   16.3 |
               +--------+--------+--------+--------+--------+-----+--------+

Top non-repeatable levels by time:
     D:6: 43 daAuts
     D:7: 4 daAuts
     D:5: 1 daAuts
